 Dungeon Crawl Stone Soup version 0.22-a0-467-g5c5de1cb09 (webtiles) character file.

12617 8fpsbossfight the Spear-Bearer (level 11, 84/102 HPs)
             Began as a Minotaur Gladiator on June 10, 2018.
             Was an Elder of Ru.
             Quit the game on level 11 of the Dungeon.
             The game lasted 00:24:25 (9401 turns).

8fpsbossfight the Spear-Bearer (Minotaur Gladiator) Turns: 9401, Time: 00:24:26

Health: 84/102     AC: 21    Str: 21    XL:     11   Next: 64%
Magic:  13/13      EV:  8    Int:  5    God:    Ru [****..]
Gold:   525        SH:  7    Dex: 13    Spells: 10/10 levels left

rFire    . . .     SeeInvis .   a - +1 trident
rCold    . . .     Gourm    .   F - +2 buckler
rNeg     . . .     Faith    .   b - +0 plate armour
rPois    .         Spirit   .   m - +1 hat
rElec    .         Reflect  .   (no cloak)
rCorr    .         Harm     .   (no gloves)
MR       .....                  y - +1 pair of boots
Stlth    ..........             (no amulet)
HPRegen  0.27/turn              C - +4 ring of protection
MPRegen  0.13/turn              s - +4 ring of protection

@: no status effects
A: retaliatory headbutt, horns 2, inability to train armour, no earth magic, no
necromancy magic, no translocations magic, unskilled 1
a: Draw Out Power, Power Leap, Renounce Religion


You were on level 11 of the Dungeon.
You worshipped Ru.
Ru was greatly pleased with you.
You were not hungry.

You visited 2 branches of the dungeon, and saw 12 of its levels.

You collected 525 gold pieces.

Inventory:

Hand Weapons
 a - a +1 trident (weapon)
Armour
 b - a +0 plate armour (worn)
   (You took it off an orc warrior on level 9 of the Dungeon)
 m - a +1 hat (worn)
   (You found it on level 1 of the Dungeon)
 y - a +1 pair of boots (worn)
   (You found it on level 5 of the Dungeon)
 F - a +2 buckler (worn)
   (You found it on level 7 of the Dungeon)
Jewellery
 j - an uncursed ring of protection from magic {unknown}
   (You found it on level 9 of the Dungeon)
 r - a +6 ring of dexterity
   (You found it on level 3 of the Dungeon)
 s - a +4 ring of protection (right hand)
   (You found it on level 3 of the Dungeon)
 u - an uncursed ring of protection from fire
   (You found it on level 4 of the Dungeon)
 C - a +4 ring of protection (left hand)
   (You found it on level 8 of the Dungeon)
 E - an uncursed ring of stealth
   (You found it on level 8 of the Dungeon)
Wands
 d - a wand of iceblast (7)
   (You found it on level 6 of the Dungeon)
 t - a wand of flame (31)
   (You found it on level 11 of the Dungeon)
 v - a wand of digging (13)
   (You took it off Ijyb on level 5 of the Dungeon)
 x - a wand of acid (4)
   (You found it on level 8 of the Dungeon)
Scrolls
 c - 6 scrolls of teleportation {@r4}
 f - 2 scrolls of enchant armour
 h - 3 scrolls of enchant weapon
 k - 2 scrolls of magic mapping
 n - a scroll of amnesia
 p - 2 scrolls of remove curse {@r2}
 I - a scroll of identify {@r1}
 K - a scroll of random uselessness {unknown}
Potions
 g - 4 potions of curing {@q1}
 i - a potion of mutation {!q}
 l - a potion of haste {@q3}
 o - a potion of agility {unknown}
 q - 3 potions of brilliance
 w - a potion of ambrosia {unknown}
 z - 2 potions of magic {unknown}
 A - 3 potions of heal wounds {@q2}
 B - 2 potions of flight
 G - 2 potions of invisibility
 H - a potion of cancellation {unknown}
 J - a potion of resistance {unknown}
Comestibles
 e - 9 rations
 D - 5 chunks of flesh


   Skills:
 + Level 11.4 Fighting
 - Level 14.0 Polearms
 - Level 1.7 Throwing
 + Level 5.9 Dodging
 - Level 5.4 Shields
 + Level 4.0 Evocations


You had 10 spell levels left.
You didn't know any spells.
Your spell library was empty.

Dungeon Overview and Level Annotations

Branches:
Dungeon (11/15)            Temple (1/1) D:4            Lair (0/6) D:11
    Orc: D:9-12

Altars:
Gozag
Hepliaklqana
Kikubaaqudgha
Okawaru
Ru
Sif Muna
Xom
Yredelemnul
Zin
The Shining One

Shops:
D:3 *   D:8 !   D:11 !

Annotations:
D:5 1 runed door


Innate Abilities, Weirdness & Mutations

You reflexively headbutt those who attack you in melee.
You have a pair of horns on your head.
You cannot train Armour skill.
You cannot study or cast Earth magic.
You cannot study or cast Necromancy magic.
You cannot study or cast Translocations magic.
You are somewhat unskilled. (-1 Apt)


Message History

You barely miss the two-headed ogre. You headbutt the two-headed ogre.
You puncture the two-headed ogre!
The two-headed ogre hits you but does no damage.
The two-headed ogre closely misses you.
You completely miss the two-headed ogre.
You headbutt the two-headed ogre, but do no damage.
You puncture the two-headed ogre!
The two-headed ogre hits you with a dire flail!
The two-headed ogre hits you with a giant spiked club!!
You focus your will and blind the two-headed ogre in retribution!
You take 27 damage, and have 70/102 hp.
MASSIVE DAMAGE!!
You catch the helpless two-headed ogre completely off-guard!
You hit the two-headed ogre. You puncture the two-headed ogre!
You block the two-headed ogre's attack. The two-headed ogre barely misses you.
You hit the two-headed ogre. You headbutt the two-headed ogre.
You catch the helpless two-headed ogre completely off-guard!
You impale the two-headed ogre!!
You kill the two-headed ogre!
Your Evocations skill increases to level 4!
You start resting.
You regained 2 hp, and now have 73/102 hp.
MP restored: 13
Things that are here:
a dire flail; a giant spiked club
There is an entrance to Vehed's Distillery here.
You regained 2 hp, and now have 75/102 hp.
There is an open door here.
There is an open door here.
Found a stone staircase leading down.
You regained 7 hp, and now have 82/102 hp.
A bullfrog comes into view.
A bullfrog is nearby!
A bullfrog is nearby!
A bullfrog is nearby!
A bullfrog is nearby!
The bullfrog gives a loud, deep croak!
Attack whom?
Aim: a bullfrog You reach to attack!
You puncture the bullfrog! You hit the bullfrog.
You block the bullfrog's attack.
You puncture the bullfrog! You block the bullfrog's attack.
You closely miss the bullfrog.
The bullfrog hits you but does no damage.
You closely miss the bullfrog. The bullfrog completely misses you.
You puncture the bullfrog!
You kill the bullfrog!
No target in view!
No target in view!
No target in view!

##'## #.## #.# #..## #.#
#...## ##.## ###.....
##...###....... .
#######.....#........
...#......#...#.........
.......##.##.#...(...>..
#.#.@................
#......##.###.......P
#########.# ##.......
#.# ###..... #.# #..##
#.# .## #.# #.# >..


There were no monsters in sight!

Vanquished Creatures
  The ghost of D1HalberdGnoll the Scribe, a journeyman DDEE of Sif Muna (D:11)
  5 two-headed ogres
  2 unseen horrors
  An ugly thing (D:11)
  A troll (D:11)
  3 hippogriffs (D:10)
  Sigmund (D:5)
  3 wyverns
  6 yaks (D:10)
  A hungry ghost (D:7)
  2 wargs (D:11)
  Duvessa (D:4)
  2 water moccasins
  3 orc warriors
  A sky beast (D:8)
  2 ice beasts
  6 ogres
  3 centaurs
  3 phantoms
  A big kobold (D:9)
  8 bullfrogs
  A wyvern zombie (D:8)
  Dowan (D:4)
  4 scorpions
  11 killer bees (D:7)
  A howler monkey (D:5)
  5 crimson imps
  A bullfrog zombie (D:8)
  A quasit (D:8)
  A centaur skeleton (D:9)
  5 jellies
  4 orc priests
  7 orc wizards
  6 hounds
  Ijyb (D:5)
  An iguana (D:7)
  5 worker ants
  Natasha (thrice) (D:2)
  2 hound skeletons
  A howler monkey zombie (D:8)
  Robin (D:2)
  7 adders
  An ooze (D:4)
  2 adder skeletons
  An adder zombie (D:9)
  3 worms
  10 leopard geckos
  20 orcs
  5 bats
  6 giant cockroaches
  14 goblins
  12 hobgoblins
  12 jackals
  2 quokkas
  2 ball pythons
  4 frilled lizards
  17 kobolds
  3 quokka zombies
  6 rats
245 creatures vanquished.

Vanquished Creatures (others)
  A hippogriff (D:7)
1 creature vanquished.

Grand Total: 246 creatures vanquished

Notes
Turn   | Place    | Note
-------+----------+-------------------------------------------
     0 | D:1      | 8fpsbossfight the Minotaur Gladiator began the quest for the Orb.
     0 | D:1      | Reached XP level 1. HP: 18/18 MP: 0/0
    63 | D:1      | Reached skill level 4 in Polearms
    67 | D:1      | Reached XP level 2. HP: 25/25 MP: 1/1
   901 | D:1      | Reached XP level 3. HP: 30/31 MP: 2/2
   994 | D:2      | Noticed an ogre
  1005 | D:2      | Killed an ogre
  1005 | D:2      | Reached skill level 5 in Polearms
  1005 | D:2      | Reached XP level 4. HP: 40/40 MP: 3/3
  1049 | D:2      | Noticed Natasha
  1061 | D:2      | Killed Natasha
  1061 | D:2      | Reached skill level 6 in Polearms
  1061 | D:2      | Reached XP level 5. HP: 32/46 MP: 4/4
  1203 | D:2      | Noticed Robin
  1226 | D:2      | Killed Robin
  1334 | D:2      | Found a glowing golden altar of the Shining One.
  1334 | D:2      | Noticed Natasha
  1342 | D:2      | Killed Natasha
  1536 | D:2      | Noticed Natasha
  1542 | D:2      | Killed Natasha
  1542 | D:2      | Reached skill level 7 in Polearms
  1542 | D:2      | Reached XP level 6. HP: 32/53 MP: 5/5
  1852 | D:3      | Found Zin's Purification Station.
  1855 | D:3      | Found a glowing silver altar of Zin.
  2059 | D:3      | Found a shimmering altar of Xom.
  2060 | D:3      | Found a shimmering altar of Xom.
  2060 | D:3      | Found a shimmering altar of Xom.
  2061 | D:3      | Found a shimmering altar of Xom.
  2064 | D:3      | Found a shimmering altar of Xom.
  2465 | D:4      | Reached skill level 5 in Fighting
  2541 | D:4      | Found a staircase to the Ecumenical Temple.
  2560 | Temple   | Entered the Ecumenical Temple
  2603 | Temple   | Became a worshipper of Ru the Awakened
  2643 | D:4      | Reached skill level 8 in Polearms
  2690 | D:4      | Noticed Dowan
  2690 | D:4      | Noticed Duvessa
  2711 | D:4      | Killed Duvessa
  2711 | D:4      | Reached XP level 7. HP: 46/62 MP: 6/6
  2717 | D:4      | Killed Dowan
  2986 | D:4      | Found an iron altar of Okawaru.
  3435 | D:5      | Entered Level 5 of the Dungeon
  3481 | D:5      | Reached skill level 9 in Polearms
  3505 | D:5      | Noticed Ijyb
  3520 | D:5      | Killed Ijyb
  3534 | D:5      | Found an opulent altar of Gozag.
  3654 | D:5      | Found a runed door.
  3977 | D:5      | Noticed Sigmund
  3989 | D:5      | Killed Sigmund
  3989 | D:5      | Reached skill level 10 in Polearms
  3989 | D:5      | Reached XP level 8. HP: 63/71 MP: 7/7
  4235 | D:6      | Gained mutation: You are somewhat unskilled. (-1 Apt) [Ru sacrifice]
  4235 | D:6      | Reduced skill Polearms to level 9
  4235 | D:6      | Reduced skill Throwing to level 1
  4235 | D:6      | Reached * piety under Ru
  4235 | D:6      | Reached ** piety under Ru
  4388 | D:6      | Found an ancient bone altar of Kikubaaqudgha.
  4388 | D:6      | Found an opulent altar of Gozag.
  4610 | D:7      | Noticed a two-headed ogre
  4770 | D:7      | Reached skill level 10 in Polearms
  5209 | D:7      | Reached XP level 9. HP: 58/80 MP: 8/8
  5221 | D:7      | Reached skill level 11 in Polearms
  5826 | D:8      | Noticed an unseen horror
  5841 | D:8      | Killed an unseen horror
  5841 | D:8      | Reached skill level 12 in Polearms
  6550 | D:8      | Found Laitwux's Distillery.
  6836 | D:8      | Gained mutation: You cannot train Armour skill. [Ru sacrifice]
  6836 | D:8      | Reached *** piety under Ru
  6867 | D:8      | Noticed a two-headed ogre
  6878 | D:8      | Killed a two-headed ogre
  6878 | D:8      | Reached skill level 13 in Polearms
  6878 | D:8      | Reached XP level 10. HP: 63/91 MP: 9/9
  7094 | D:7      | Killed a two-headed ogre
  7406 | D:9      | Noticed a two-headed ogre
  7426 | D:9      | Killed a two-headed ogre
  7426 | D:9      | Reached skill level 10 in Fighting
  7623 | D:9      | Reached skill level 14 in Polearms
  7631 | D:9      | Reached skill level 1 in Shields
  7894 | D:9      | Noticed a two-headed ogre
  7906 | D:9      | Killed a two-headed ogre
  7906 | D:9      | Reached skill level 5 in Shields
  8288 | D:10     | Entered Level 10 of the Dungeon
  8388 | D:10     | Reached skill level 1 in Evocations
  8411 | D:10     | Reached XP level 11. HP: 99/100 MP: 10/10
  8712 | D:10     | Found the +10 morningstar "Eos" {elec, Halo rElec}
  8925 | D:11     | Noticed D1HalberdGnoll's ghost (journeyman DDEE)
  8926 | D:11     | Noticed a red ugly thing
  8938 | D:11     | Killed a red ugly thing
  8938 | D:11     | Killed D1HalberdGnoll's ghost
  8938 | D:11     | Reached skill level 5 in Dodging
  9228 | D:11     | Gained mutation: You cannot study or cast Earth magic. [Ru sacrifice]
  9228 | D:11     | Gained mutation: You cannot study or cast Necromancy magic. [Ru sacrifice]
  9228 | D:11     | Gained mutation: You cannot study or cast Translocations magic. [Ru sacrifice]
  9228 | D:11     | Reached **** piety under Ru
  9265 | D:11     | Found a staircase to the Lair.
  9331 | D:11     | Killed an unseen horror
  9333 | D:11     | Found Vehed's Distillery.
  9333 | D:11     | Noticed a two-headed ogre
  9347 | D:11     | Killed a two-headed ogre
  9401 | D:11     | Quit the game

Vault maps used:
D:1:      sevenhm_arrival_forest_fort_small_6
D:2:      tso_metal_star, uniq_robin, uniq_natasha
D:3:      zin_purify, xom_redecorated
D:4:      lemuel_doored_altar, temple_statues, uniq_duvessa
D:5:      first_ration, minmay_misc_feat_tiny, hangedman_glass_teeth,
          grunt_gozag_breadcrumbs, uniq_crazy_yiuf_cottage, uniq_sigmund,
          uniq_ijyb
D:6:      gammafunk_temple_overflow_pools
D:8:      serial_shops, shop
D:11:     erik_lair_orcish_takeover, serial_shops, shop, shop, shop,
          shop_statue, shop_fountains
Temple:   dpeg_five_rooms_temple

Skill      XL: |  1  2  3  4  5  6  7  8  9 10 11 |
---------------+----------------------------------+-----
Polearms       | 4 5 6 7 8 10 10 13 14 | 14.0
Fighting       | 3 4 5 6 7 9 10 11 | 11.4
Throwing       | 1 |  1.7
Shields        | 5 |  5.4
Evocations     | 1 4 |  4.0
Dodging        | 5 |  5.9

Action                   |  1- 3 |  4- 6 |  7- 9 | 10-12 || total
-------------------------+-------+-------+-------+-------++-------
Melee: Trident           |    71 |   180 |   293 |   382 ||   926
       Headbutt          |    10 |    28 |    66 |    67 ||   171
Throw: Throwing net      |     2 |     1 |     2 |       ||     5
Invok: Sacrifice Skill   |       |       |     1 |       ||     1
       Sacrifice Durabil |       |       |     1 |       ||     1
       Sacrifice Arcana  |       |       |       |     1 ||     1
Evoke: Wand              |       |       |       |    12 ||    12
  Use: Potion            |       |       |     3 |       ||     3
       Scroll            |       |       |     5 |     7 ||    12
 Stab: Invisible         |       |       |     2 |     2 ||     4
       Distracted        |       |       |       |     2 ||     2
  Eat: Chunk             |       |     6 |    10 |     8 ||    24
       Ration            |       |       |     2 |       ||     2
Armor: Leather armour    |     1 |       |       |       ||     1
       Ring mail         |     7 |    29 |    77 |    24 ||   137
       Plate armour      |       |       |       |    88 ||    88
Dodge: Dodged            |    26 |    50 |   119 |    53 ||   248
Block: Buckler           |       |       |       |    53 ||    53

Table legend:
 A = Spawn XP
 B = Non-spawn XP
 C = Spawn XP percentage of total XP
 D = Spawn monster count
 E = Non-spawn monster count
 F = Spawn count percentage of total count
 G = Total turns spent on level
                    A         B        C        D         E        F      G
               +---------+---------+-------+---------+---------+-------+---------
         Total |       0 |   18025 |   0.0 |       0 |     246 |   0.0 |  9401
               +---------+---------+-------+---------+---------+-------+---------
           D:1 |       0 |      43 |   0.0 |       0 |      27 |   0.0 |   994
           D:2 |       0 |     350 |   0.0 |       0 |      35 |   0.0 |   772
           D:3 |       0 |      78 |   0.0 |       0 |      24 |   0.0 |   589
           D:4 |       0 |     481 |   0.0 |       0 |      14 |   0.0 |  1001
           D:5 |       0 |     596 |   0.0 |       0 |      12 |   0.0 |   656
           D:6 |       0 |     411 |   0.0 |       0 |       9 |   0.0 |   759
           D:7 |       0 |    2420 |   0.0 |       0 |      28 |   0.0 |  1064
           D:8 |       0 |    2476 |   0.0 |       0 |      25 |   0.0 |  1448
           D:9 |       0 |    3263 |   0.0 |       0 |      30 |   0.0 |   926
          D:10 |       0 |    3259 |   0.0 |       0 |      25 |   0.0 |   633
          D:11 |       0 |    4648 |   0.0 |       0 |      17 |   0.0 |   480
               +---------+---------+-------+---------+---------+-------+---------
